 Dungeon Crawl Stone Soup version 0.32-a0-43-g058985b245 (webtiles) character file.

Game seed: 4915884053471254692

2748 cforsyth the Fighter (level 10, 0/78 HPs)
             Began as a Djinni Warper on Feb 3, 2024.
             Slain by a vampire (6 damage)
             ... on level 6 of the Dungeon.
             The game lasted 00:23:07 (9161 turns).

cforsyth the Fighter (Djinni Warper)                Turns: 9161, Time: 00:23:07

Health: 0/78       AC:  9    Str: 10    XL:     10   Next: 0%
Gold:   764        EV: 13    Int: 25    God:
                   SH:  0    Dex:  8

rFire   + + +        a - +9 whip of the Genius {venom, rF++ Int+6 Dex-5}
rCold   x . .        (no shield)
rNeg    . . .        e - +2 scale mail {Will+}
rPois   ∞            z - +0 helmet
rElec   .            (no cloak)
rCorr   +            (no gloves)
SInv    .            (boots unavailable)
Will    ++...        (no amulet) Stlth
                     l - ring of resist corrosion
HPRegen 0.33/turn    x - +5 ring of evasion
MPRegen 0.00/turn

%: infuse magic (-1 HP)
@: flying, very slightly contaminated
A: sickness immunity, fire resistance 2, cold vulnerability 1, float, innate
caster, HP casting, extra vitality 1
a: no special abilities


You were on level 6 of the Dungeon.
You visited 2 branches of the dungeon, and saw 7 of its levels.
You also visited: Ossuary.

You collected 974 gold pieces.
You spent 210 gold pieces at shops.

Inventory:

Hand Weapons
 a - the +9 whip of the Genius (weapon) {venom, rF++ Int+6 Dex-5}
   (You bought it in a shop on level 1 of the Dungeon)

   Int+6:     It affects your intelligence (+6).
   Dex-5:     It affects your dexterity (-5).
   rF++:      It greatly protects you from fire.
 w - a +3 dagger of venom
Missiles
 d - 7 darts of dispersal (quivered)
 f - 13 poisoned darts
Armour
 b - a +0 leather armour
 e - a +2 scale mail of willpower (worn)
 z - a +0 helmet (worn)
Jewellery
 l - a ring of resist corrosion (left hand)
 x - a +5 ring of evasion (right hand)
Wands
 i - a wand of mindburst (13)
 t - a wand of paralysis (7)
Scrolls
 c - 2 scrolls of blinking
 g - a scroll of enchant weapon
 h - 2 scrolls of poison
 u - 2 scrolls of immolation
 y - 2 scrolls of identify
 A - 2 scrolls of teleportation
 C - a scroll of enchant armour {unknown}
Potions
 j - a potion of enlightenment {unknown}
 k - 4 potions of curing
 m - a potion of might {unknown}
 n - 3 potions of heal wounds
 o - a potion of ambrosia {unknown}
 p - a potion of attraction {unknown}
 q - 2 potions of cancellation
 r - 3 potions of berserk rage
 s - 2 potions of lignification
 v - 2 potions of degeneration {unknown}
 B - 2 potions of invisibility


   Skills:
 + Level 9.6 Fighting
 - Level 1.7 Long Blades
 - Level 0.7 Throwing
 - Level 1.0 Armour
 - Level 2.1 Dodging
 + Level 7.6 Spellcasting
 + Level 7.6 Conjurations
 + Level 7.6 Hexes
 + Level 7.6 Summonings
 + Level 7.6 Necromancy
 + Level 7.6 Translocations
 + Level 7.6 Fire Magic
 + Level 7.6 Ice Magic
 + Level 7.6 Air Magic
 + Level 7.6 Earth Magic
 + Level 7.6 Alchemy


You knew the following spells:

 Your Spells              Type           Power      Damage    Failure   Level
a - Blink                 Tloc           94%        N/A       3%          2
b - Lesser Beckoning      Tloc           94%        N/A       3%          2
c - Teleport Other        Tloc           47%        N/A       6%          3
d - Manifold Assault      Tloc           47%        N/A       19%         4
e - Vhi's Electric Charg  Tloc/Air       94%        N/A       19%         4
f - Kiss of Death         Conj/Necr      100%       2d13      1%          1
g - Static Discharge      Conj/Air       94%        3-7/arc   3%          2
h - Confusing Touch       Hex            47%        N/A       6%          3
i - Swiftness             Air            47%        N/A       6%          3
Your spell library was empty.

Dungeon Overview and Level Annotations

Branches:
Dungeon (6/15)             Temple (1/1) D:5         Ossuary (visited)

Altars:
Ashenzari
Cheibriados
Dithmenos
Elyvilon
Gozag
Hepliaklqana
Nemelex Xobeh
Okawaru
Trog
Uskayaw
Wu Jian
Xom
Yredelemnul

Shops:
D:1 (

Annotations:
D:4 3 runed translucent doors, jlumianski's ghost, novice GnSh


Innate Abilities, Weirdness & Mutations

You are immune to sickness and miasma.
You are immune to poison.
Your flesh is very heat resistant. (rF++)
You are vulnerable to cold. (rC-)
You float through the air rather than walking.
You learn spells naturally, not from books.
Your magical power is your life essence.
You have superior vitality. (+4 MHP)


Message History

The vampire closely misses you. The vampire bites you!
You barely miss the vampire. Your punch misses the vampire.
The vampire is heavily damaged.
The vampire hits you. The vampire closely misses you.
You hit the vampire.
The vampire is heavily damaged.
The vampire mumbles some strange words.
The vampire flickers and vanishes!
Deactivating autopickup; reactivate with Ctrl-A.
You hit something but do no damage. Something barely misses you.
Something bites you but does no damage.
You barely miss something. Something hits you but does no damage.
Something bites you. Something hits you.
Something bites you but does no damage.
You hit something but do no damage. Something hits you. Something bites you!
You hit something but do no damage. Something hits you.
* * * LOW HITPOINT WARNING * * *
Something bites you but does no damage.
You miss something. Something hits you but does no damage.
Something bites you but does no damage.
You hit something but do no damage. Something hits you.
* * * LOW HITPOINT WARNING * * *
Something bites you.
* * * LOW HITPOINT WARNING * * *
You closely miss something. Something hits you but does no damage.
Something bites you but does no damage.
You closely miss something. Something hits you!
* * * LOW HITPOINT WARNING * * *
Something bites you but does no damage.
You whack something! Your punch misses something.
Something completely misses you. Something bites you.
* * * LOW HITPOINT WARNING * * *
Casting: Blink (safe; 3% risk of failure)
Confirm with . or Enter, or press ? or * to list all spells.
You miscast Blink.
You are very lightly contaminated with residual magic.
Nothing appears to happen.
* * * LOW HITPOINT WARNING * * *
Something hits you.
You die...

..##).##..##.# ###......##.##.##
##..##..##...# ######..#.#..#
##..##..##...# ##.#.#..##
..##########.# ###.#.... ..#####
#.##### ##.#.### ####..# #.....#
#†.#.# ..##..## #####.# #.##.###
..#.##.##### ##'### ####'##....
...####....####.@..####....######
....##......##..{...##......## #
#.......#.......#.......#....# #
###....####....####....####..# #
###....####....####....####..## #
.#.......#.......#.......#....###
....##......##......##......#.##.
...####....####....# ##....##.##.
#### #####o#..###########..#>##.


There were no monsters in sight!

Vanquished Creatures
  Grinder (D:5)
  A wraith (D:5)
  2 black bears (D:6)
  A sky beast (D:6)
  An ice beast (D:5)
  An ogre (D:6)
  2 centaurs (D:6)
  Blork the orc (D:5)
  A kobold brigand (D:4)
  An elf zombie (Ossuary)
  4 scorpions
  A water moccasin zombie (D:5)
  A bullfrog (D:6)
  3 bombardier beetles
  2 centaur zombies (Ossuary)
  A hound (D:6)
  2 jellies
  4 orc priests
  A human zombie (Ossuary)
  Jessica (D:2)
  A gnoll bouda (D:6)
  5 sleepcaps
  Ijyb (D:2)
  3 iguanas (D:6)
  3 orc wizards
  8 hound zombies (Ossuary)
  2 mummies (Ossuary)
  12 gnolls
  12 adders
  A shadow imp (D:5)
  A white imp (D:6)
  2 ufetubi (D:6)
  6 adder zombies
  2 dart slugs
  A ribbon worm (D:4)
  16 orcs
  4 endoplasms
  A giant cockroach (D:3)
  2 gnoll zombies (Ossuary)
  A goblin (D:2)
  8 hobgoblins
  3 jackals (D:1)
  5 kobolds
  4 quokkas
  2 ball pythons
  4 bats
  3 frilled lizards (D:1)
  2 goblin zombies (D:6)
  4 jackal zombies (Ossuary)
  6 kobold zombies (Ossuary)
  8 orc zombies (Ossuary)
  3 rats
168 creatures vanquished.

Notes
Turn   | Place    | Note
-------+----------+-------------------------------------------
     0 | D:1      | cforsyth the Djinni Warper began the quest for the Orb.
     0 | D:1      | cforsyth set off with the following spells memorised:
                  | Blink, Lesser Beckoning, Teleport Other, Manifold Assault,
                  | Vhi's Electric Charge.
     0 | D:1      | Reached XP level 1. HP: 18/18 MP: 0/0
   129 | D:1      | Reached XP level 2. HP: 23/23 MP: 0/0
   173 | D:1      | Found Mist's Antique Weapon Shop.
   752 | D:1      | Reached XP level 3. HP: 23/29 MP: 0/0
   752 | D:1      | Learned a level 1 spell: Kiss of Death
  1036 | D:2      | Noticed Jessica
  1048 | D:2      | Reached skill level 3 in Fighting
  1054 | D:2      | Killed Jessica
  1055 | D:2      | Reached XP level 4. HP: 25/35 MP: 0/0
  1696 | D:3      | Reached XP level 5. HP: 33/40 MP: 0/0
  1696 | D:3      | Learned a level 2 spell: Static Discharge
  1868 | D:3      | Noticed Ijyb
  1916 | D:2      | Paralysed by Ijyb for 4 turns
  1923 | D:2      | Paralysed by Ijyb for 3 turns
  1933 | D:2      | Killed Ijyb
  2177 | D:3      | Reached skill level 4 in Fighting
  2607 | D:3      | Reached XP level 6. HP: 30/48 MP: 0/0
  3646 | D:4      | Found a runed translucent gate.
  3648 | D:4      | Found a runed translucent gate.
  3648 | D:4      | Found a runed translucent gate.
  3649 | D:4      | Found an opulent altar of Gozag.
  3651 | D:4      | Noticed jlumianski's ghost (novice GnSh)
  3663 | D:4      | Found a white marble altar of Elyvilon.
  3712 | D:4      | Reached skill level 5 in Fighting
  3774 | D:4      | Reached XP level 7. HP: 44/49 MP: 0/0
  3774 | D:4      | Learned a level 3 spell: Confusing Touch
  4470 | D:5      | Entered Level 5 of the Dungeon
  4535 | D:5      | Reached skill level 5 in Spellcasting
  4535 | D:5      | Reached skill level 5 in Conjurations
  4535 | D:5      | Reached skill level 5 in Hexes
  4535 | D:5      | Reached skill level 5 in Summonings
  4535 | D:5      | Reached skill level 5 in Necromancy
  4535 | D:5      | Reached skill level 5 in Translocations
  4535 | D:5      | Reached skill level 5 in Fire Magic
  4535 | D:5      | Reached skill level 5 in Ice Magic
  4535 | D:5      | Reached skill level 5 in Air Magic
  4535 | D:5      | Reached skill level 5 in Earth Magic
  4535 | D:5      | Reached skill level 5 in Alchemy
  4673 | D:5      | Found a basalt altar of Yredelemnul.
  4795 | D:4      | Reached skill level 6 in Fighting
  4958 | D:5      | Found a hide-covered altar of Uskayaw.
  4958 | D:5      | Noticed Grinder
  4967 | D:5      | Reached XP level 8. HP: 50/61 MP: 0/0
  4990 | D:5      | Killed Grinder
  5270 | D:5      | Reached skill level 7 in Fighting
  5360 | D:5      | Found a staircase to the Ecumenical Temple.
  5368 | Temple   | Entered the Ecumenical Temple
  5519 | D:5      | Noticed Blork the orc
  5521 | D:5      | Found a shadowy altar of Dithmenos.
  5538 | D:5      | Killed Blork the orc
  5683 | D:6      | Identified a scroll of acquirement
  5683 | D:6      | Acquired 642 gold pieces
  5880 | D:6      | Noticed a wraith
  5882 | D:6      | Noticed a vampire
  5973 | D:6      | Found a sand-covered staircase.
  5980 | Ossuary  | Entered an ossuary
  6179 | Ossuary  | Reached XP level 9. HP: 69/69 MP: 0/0
  6179 | Ossuary  | Learned a level 3 spell: Swiftness
  6445 | Ossuary  | Reached skill level 8 in Fighting
  7594 | D:6      | Reached skill level 9 in Fighting
  8281 | D:1      | Bought an iridescent whip for 210 gold pieces
  8281 | D:1      | Identified the +9 whip of the Genius {venom, rF++ Int+6
                  | Dex-5} (You bought it in a shop on level 1 of the Dungeon)
  8980 | D:6      | Reached XP level 10. HP: 53/78 MP: 0/0
  9161 | D:6      | Slain by a vampire

Illustrated notes

Levels and vault maps discovered:
D:1:      heliophobic_arrival_ceremonial_halls, layout_loops_ring, serial_shops,
          shop
D:2:      layout_basic, basic_altar, uniq_jessica
D:3:      layout_basic, chequers_serial_rivers_small_a, uniq_ijyb
D:4:      layout_loops_ring, mainiacjoe_overflow_alcove_2, ebering_ghost_gozag
D:5:      layout_loops_ring, lemuel_zombie_altar_yredelemnul,
          nicolae_dithmenos_through_a_glass_darkly, lemuel_tele_altar,
          minmay_temple_entry_glassed_door, uniq_blork_the_orc, uniq_grinder
D:6:      wad_guarded_room, layout_loops_ring, enter_ossuary_4
Temple:   nicolae_temple_bog_church

Skill      XL: |  1  2  3  4  5  6  7  8  9 |
---------------+----------------------------+-----
Spellcasting   | 3 4 5 6 7 |  7.6
Conjurations   | 3 4 5 6 7 |  7.6
Hexes          | 3 4 5 6 7 |  7.6
Summonings     | 3 4 5 6 7 |  7.6
Necromancy     | 3 4 5 6 7 |  7.6
Translocations | 3 4 5 6 7 |  7.6
Fire Magic     | 3 4 5 6 7 |  7.6
Ice Magic      | 3 4 5 6 7 |  7.6
Air Magic      | 3 4 5 6 7 |  7.6
Earth Magic    | 3 4 5 6 7 |  7.6
Alchemy        | 3 4 5 6 7 |  7.6
Fighting       | 3 4 5 6 7 9 |  9.6
Long Blades    | |  1.7
Throwing       | |  0.7
Armour         | |  1.0
Dodging        | |  2.1

Action                     |  1- 3 |  4- 6 |  7- 9 | 10-12 || total
---------------------------+-------+-------+-------+-------++-------
  Melee: Falchion          |    70 |       |    12 |       ||    82
         Dagger            |    13 |   146 |   713 |       ||   872
         Punch             |       |     1 |    17 |     1 ||    19
         Whip              |       |       |    16 |    28 ||    44
   Cast: Kiss of Death     |       |     1 |       |       ||     1
         Blink             |       |       |     7 |       ||     7
         Confusing Touch   |       |       |     1 |       ||     1
  Evoke: Wand              |       |       |     4 |       ||     4
    Use: Scroll            |       |       |    17 |       ||    17
         Potion            |       |       |     2 |       ||     2
   Stab: Confused          |       |       |     2 |       ||     2
         Invisible         |       |       |     2 |       ||     2
         Distracted        |       |       |     1 |       ||     1
 Armour: Leather armour    |    61 |    69 |       |       ||   130
         Scale mail        |       |    40 |   510 |    37 ||   587
  Dodge: Dodged            |    66 |    53 |   605 |    14 ||   738

Table legend: (Time is in decaauts)
 A = Elapsed time spent in this place.
 B = Non-inter-level travel time spent in this place.
 C = Inter-level travel time spent in this place.
 D = Time resting spent in this place.
 E = Time spent auto-exploring this place.
 F = Levels seen in this place.
 G = Mean time per level.
                   A        B        C        D        E       F      G
               +--------+--------+--------+--------+--------+-----+--------+
         Total |   9191 |   8752 |    439 |   1551 |   4646 |   8 | 1148.9 |
       Dungeon |   8215 |   7781 |    434 |   1526 |   4253 |   6 | 1369.2 |
        Temple |     31 |     26 |      5 |      0 |      0 |   1 |   31.0 |
       Ossuary |    944 |    944 |      0 |     25 |    393 |   1 |  944.0 |
               +--------+--------+--------+--------+--------+-----+--------+

Top non-repeatable levels by time:
     D:3: 1873 daAuts
     D:5: 1862 daAuts
     D:6: 1373 daAuts
     D:4: 1354 daAuts
 Ossuary: 944 daAuts
     D:2: 888 daAuts
     D:1: 863 daAuts
  Temple: 31 daAuts
